Unix NetHack Version 5.0.0-0 post-release - last build May 23 2026 06:08:33 (1c0ff79ee797540d5714e4e18072db0edd9e58ae,branch:main).

Game began 2026-05-26 05:17:47, ended 2026-05-27 11:49:45.

Brudee, lawful female human Tourist

  ------------                                     --
  |+?.(?.((*%|                   ----+-----       ..              ----------
  |()[.[.[.)!|                   |.......M| ###                   ......>..|
  |)..?......|                   |........|^#                     |.%......|
  ----------|-                   |........-#                      .........|
            ###                 #......%..| #                     ----------
              #               ###--|-------
              #               #    #
              ###           ###    #  ####
             #####          #     ##%#%###
                ##       ####   0####   #
                ##      ##     ###     -.--|-----------
                 #####  #     ####     |..............|
        -----------|-.--#    ###       |............@.|
        |{.............|#    ##        |........<..A..|
        |...(...........#    ##        ----------------
        |..............|    ##
        |..............|
        ----------------

Brudee the Peregrinatrix    St:18/02 Dx:14 Co:25 In:14 Wi:12 Ch:14  Lawful S:90414
Dlvl:7  $:36 HP:0(102) Pw:19(38) AC:-10 Xp:12/25766 T:18138 

Latest messages:
 an uncursed spellbook of haste self,
 2 uncursed potions of gain energy,
 an uncursed potion of confusion,
 2 scrolls of identify,
 an uncursed scroll of earth,
 a blessed scroll of earth,
 an uncursed scroll of confuse monster,
 a wand of undead turning (0:7),
 a wand of probing (0:6),
 2 uncursed potions of healing,
 an uncursed scroll of scare monster,
 a blessed scroll of light,
 5 blessed scrolls of blank paper,
 10 uncursed food rations,
 an uncursed +0 elven cloak,
 a blessed +0 worm tooth,
 an uncursed pick-axe,
 an uncursed potion of see invisible,
 an uncursed potion of polymorph,
 2 uncursed potions of object detection,
 an uncursed potion of gain ability,
 an uncursed +0 Hawaiian shirt,
 2 uncursed scrolls of stinking cloud,
 an uncursed credit card,
 an uncursed scroll of amnesia,
 an uncursed towel,
 an expensive camera (0:31),
 10 poisoned +0 crossbow bolts,
 4634 gold pieces,
 2 potions of holy water,
 an uncursed ring of searching,
 3 potions of unholy water,
 an uncursed potion of monster detection,
 2 uncursed potions of speed,
 4 uncursed scrolls of teleportation,
 8 uncursed scrolls of light,
 2 uncursed scrolls of gold detection,
 an uncursed scroll of genocide,
 4 uncursed scrolls of food detection,
 an uncursed scroll of create monster,
 5 cursed scrolls of blank paper.
 The Angel hits!
 The Angel hits again!
 The Angel misses!
 The Angel casts a spell at you!
 You are hit by a shower of missiles!
 You die...
 Do you want your possessions identified? [ynq] (y) y
 Do you want to see your attributes? [ynq] (y) y
 Do you want an account of creatures vanquished? [ynaq] (y) q

Inventory:
 Coins    ('$')
  $ - 36 gold pieces
 Amulets  ('"')
  N - an uncursed amulet of reflection (being worn)
 Weapons  (')')
  y - the blessed rustproof +5 Ogresmasher (wielded in right hand)
  B - a blessed +2 silver saber (wielded in left hand)
 Armor    ('[')
  z - a blessed +2 helm of brilliance (being worn)
  R - a blessed +0 pair of gauntlets of dexterity (being worn)
  W - an uncursed +0 pair of elven boots (being worn)
  O - an uncursed very burnt +0 cloak of invisibility
  Z - an uncursed +0 robe (being worn)
  F - a blessed rotproof +3 blue dragon scale mail (being worn)
 Comestibles  ('%')
  X - an uncursed cram ration
  V - an uncursed food ration
  D - an uncursed fortune cookie
  d - an uncursed tin of spinach
  j - an uncursed egg
  M - an uncursed lizard corpse
 Rings    ('=')
  P - an uncursed ring of polymorph control
  h - an uncursed +1 ring of protection (on right hand)
  S - an uncursed ring of protection from shape changers
 Wands    ('/')
  T - a wand of digging (0:2)
  f - a wand of light (0:11)
  Y - a wand of secret door detection (0:14)
  w - a wand of sleep (0:2)
  H - a wand of slow monster (0:7)
  A - a wand of slow monster (0:6)
  E - a wand of slow monster (0:4)
  g - a wand of speed monster (0:8)
  e - a wand of striking (0:4)
 Tools    ('(')
  i - an empty blessed bag of holding
  v - an uncursed bag of holding containing 1 item
  J - an uncursed bugle
  q - a blessed magic harp (0:4)
  t - an uncursed blindfold
  c - an uncursed magic lamp
  o - a magic marker (0:87)
  l - a magic marker (0:15)
  s - an uncursed magic whistle
  G - an uncursed pair of lenses
  x - an uncursed skeleton key
  a - an uncursed stethoscope
  u - a +0 unicorn horn
 Gems/Stones  ('*')
  p - an uncursed dilithium crystal
  I - a blessed luckstone
  C - an uncursed touchstone

Contents of the bag of holding:
  an uncursed food ration

Brudee the Tourist's attributes:

Background:
 You were a Peregrinatrix, a level 12 female human Tourist.
 You were lawful, belatedly on a mission for Blind Io
 who was opposed by The Lady (neutral) and Offler (chaotic).
 You started out neutral.
 You were right-handed.
 You were in the Dungeons of Doom, on level 7.
 You entered the dungeon 18138 turns ago.
 You had 25766 experience points, 14234 more were needed to attain level 13.
 Your score was 90414 before end-of-game adjustments.

Basics:
 You had 0 out of 102 hit points.
 You had 19 out of 38 energy points (spell power).
 Your armor class was -10.
 Your wallet contained 36 zorkmids.
 Autopickup was on for '$"?+!=/' plus thrown.

Final Characteristics:
 Your strength was 18/02 (limit:18/100).
 Your dexterity was 14 (peak:15, limit:18).
 Your constitution was 25 (base:16, innate limit:18).
 Your intelligence was 14 (base:12, limit:18).
 Your wisdom was 12 (base:10, limit:18).
 Your charisma was 14 (limit:18).

Final Status:
 You weren't hungry.
 You were unencumbered.
 You were wielding two weapons at once.
 Your two weapon skill was limited by being basic with hammer.
 You were skilled in saber and two weapons.

Final Attributes:
 You were piously aligned.
 You were fire resistant.
 You were sleep resistant.
 You were shock resistant.
 Your items were protected from electric shocks.
 You were poison resistant.
 You were telepathic.
 You had automatic searching.
 You were stealthy.
 You had a small defense bonus (+1).
 You were protected.
 Your spell casting was enhanced by wearing a robe.
 You were very fast.
 You had reflection.
 You were very lucky.
 You had extra luck.
 Good luck did not time out for you.
 You are dead.

Miscellaneous:
 You didn't encounter any bones levels.
 Total elapsed playing time was 5 hours, 27 minutes and 58 seconds.

Major events:
 Turn
    1: Brudee the neutral female human Tourist entered the dungeon
  741: attained the rank of Sightseer (level 3)
 4207: attained the rank of Excursionist (level 6)
 4238: was bestowed with Ogresmasher by Blind Io
 4727: entered the Gnomish Mines
 5108: reached Mine Town
 5833: made her first wish - "blessed greased fixed +2 blue dragon scale mail", got "a greased blue dragon scale mail"
 8602: acquired the Mines' End luckstone
 9510: attained the rank of Peregrinatrix (level 10)
11656: stole 2620 zorkmids worth of merchandise from Chibougamau's general store
11985: entered the Bigroom
12563: entered Sokoban
12834: completed 1st Sokoban level
13159: completed 2nd Sokoban level
13381: completed 3rd Sokoban level
13929: completed 4th Sokoban level
16371: performed her first genocide (class L)
17872: wished for "magic marker", got "a magic marker"
18138: killed by an Angel

Spells:
 Name                 Level Category     Fail Retention
 turn undead            6   clerical      95%   26%-50%
 protection             1   clerical       0%   26%-50%
 cause fear             3   enchantment   80%   26%-50%
 levitation             4   escape        55%   61%-70%
 healing                1   healing        0%  76%-100%
 detect treasure        4   divination    55%   61%-70%
 jumping                1   escape         0%   61%-70%
 light                  1   divination     0%   61%-70%
 restore ability        4   healing       96%   51%-75%
 haste self             3   escape         0%   81%-90%
 teleport away          6   escape        95%  91%-100%
 force bolt             1   attack         0%  76%-100%

Skills:
 Fighting Skills
   bare handed combat [Unskilled]
   two weapon combat  [Skilled]
   riding             [Unskilled]
 Weapon Skills
   dagger             [Unskilled]
   knife              [Unskilled]
   axe                [Unskilled]
   pick-axe           [Unskilled]
   short sword        [Unskilled]
   broadsword         [Unskilled]
   long sword         [Unskilled]
   two-handed sword   [Unskilled]
   saber              [Skilled]
   mace               [Unskilled]
   morning star       [Unskilled]
   flail              [Unskilled]
   hammer             [Basic]
   quarterstaff       [Unskilled]
   polearms           [Unskilled]
   spear              [Unskilled]
   trident            [Unskilled]
   lance              [Unskilled]
   bow                [Unskilled]
   sling              [Unskilled]
   crossbow           [Unskilled]
   dart               [Basic]
   shuriken           [Unskilled]
   boomerang          [Unskilled]
   whip               [Unskilled]
   unicorn horn       [Unskilled]
 Spellcasting Skills
   divination spells  [Basic]
   enchantment spells [Unskilled]
   escape spells      [Basic]

Voluntary challenges:
 Character rerolling was not enabled.
 You genocided 4 types of monsters.
 You never polymorphed an object.
 You used 2 wishes.
 You did not wish for any artifacts.
 You did not violate any of the special Sokoban rules.
Achievements:
 You entered a shop.
 You attained the rank of Sightseer.
 You attained the rank of Excursionist.
 You entered the Gnomish Mines.
 You entered Minetown.
 You entered a temple.
 You completed the Gnomish Mines.
 You attained the rank of Peregrinatrix.
 You entered the Big Room.
 You entered Sokoban.

 The Dungeons of Doom: levels 1 to 19
    Level 1:
       Some fountains.
    Level 2:
       An armor shop, a sink.
       Stairs down to The Gnomish Mines.
    Level 3:
       A potion shop, an altar to Blind Io, a fountain, a grave.
    Level 4:
       A general store, a grave.
    Level 5:
       An altar to Blind Io.
    Level 6:
       A fountain.
    Level 7: <- You were here.
       A general store, a fountain.
       Final resting place for
          you, killed by an Angel.
    Level 8:
       A fountain, a grave.
    Level 9:
       Some fountains.
       Oracle of Delphi.
    Level 10:
       A very big room.
       Stairs up to Sokoban, level 9.
    Level 11:
    Level 12: "GRAY UNICORN"
       A fountain, a sink.
    Level 13:
       A throne, a fountain.
    Level 14:
       An armor shop, a fountain.
    Level 15:
       An altar, a tree.
    Level 16:
       Summoned by Twoflower.
    Level 17:
       A sink.
    Level 18:
       A primitive area.
    Level 19:
 The Gnomish Mines: levels 3 to 11
    Level 3:
    Level 4:
    Level 5:
       Many shops, a temple and an altar, some fountains, some trees.
    Level 6:
    Level 7:
    Level 8:
    Level 9:
    Level 10:
    Level 11:
       A fountain.
 Sokoban: levels 9 up to 6
    Level 6:
       Solved.
    Level 7:
       Solved.
    Level 8:
       Solved.
    Level 9:
       Solved.


Vanquished creatures:
  a baby blue dragon
  a vampire leader
  a nurse
  2 lurkers above
  a vampire
  a watch captain
  3 giant mimics
  a long worm
  2 zruties
  2 ogre tyrants
  3 umber hulks
  a flesh golem
  a large mimic
  a wumpus
  6 stalkers
  a fire elemental
  a giant zombie
  a sergeant
  4 water demons
  a warg
  a winter wolf
  5 small mimics
  a glass piercer
  5 xans
  2 ettin mummies
  2 ogre leaders
  2 quantum mechanics
  a troll
 an electric eel
  2 gelatinous cubes
  a pyrolisk
  2 freezing spheres
  a flaming sphere
  a shocking sphere
  a tiger
  a gargoyle
  2 pythons
  a pit viper
  3 wraiths
  a carnivorous ape
 an ettin zombie
  a crocodile
  6 giant beetles
  2 quivering blobs
  3 cockatrices
  5 winter wolf cubs
  2 leprechauns
  2 orc-captains
 an iron piercer
  a mumak
 16 giant spiders
  3 scorpions
  3 horses
 an ice vortex
  2 black lights
  a forest centaur
  2 gnome rulers
  2 orc mummies
  a dwarf mummy
 an ogre
  a brown pudding
  5 rust monsters
 an owlbear
  a yeti
  a gold golem
  a werewolf
  5 Green-elves
  2 piranha
  3 giant eels
  3 lizards
  a chickatrice
  a dog
  2 housecats
  2 jaguars
  4 blue jellies
  a black unicorn
  a plains centaur
  4 gnome mummies
  2 snakes
  5 water moccasins
  3 apes
  2 human zombies
  a rope golem
  7 Woodland-elves
  2 fire ants
  4 bugbears
 an imp
  a quasit
  4 water nymphs
  2 mountain nymphs
  5 Mordor orcs
 an orc shaman
  4 rock piercers
  4 rock moles
  4 ponies
  2 fog clouds
  2 yellow lights
  5 shriekers
  5 violet fungi
 18 gnome leaders
  5 gnomish wizards
  3 kobold mummies
  a black naga hatchling
  3 gray oozes
  4 elf zombies
  3 ghouls
  a straw golem
  5 paper golems
 13 giant ants
  2 little dogs
 11 floating eyes
  2 kittens
 11 dwarves
  a homunculus
  2 kobold shamans
 12 hill orcs
 30 rothes
  2 centipedes
  3 giant bats
  a monkey
  2 orc zombies
  a dwarf zombie
  a wererat
  a werejackal
 11 iguanas
 25 killer bees
  2 acid blobs
  a coyote
  a gas spore
  4 hobbits
 11 manes
  2 large kobolds
  8 hobgoblins
  8 giant rats
  8 cave spiders
  a brown mold
  3 yellow molds
  3 green molds
  8 red molds
 71 gnomes
 10 garter snakes
  a gnome zombie
 10 geckos
  9 jackals
  a fox
  3 kobolds
  3 goblins
  2 sewer rats
 13 grid bugs
  4 bats
  7 lichens
  6 kobold zombies
  5 newts
611 creatures vanquished.

Genocided species:
 arch-liches
 master liches
 demiliches
 liches
4 species genocided.

Game over:
                       ----------
                      /          \
                     /    REST    \
                    /      IN      \
                   /     PEACE      \
                  /                  \
                  |      Brudee      |
                  |      36 Au       |
                  |   killed by an   |
                  |      Angel       |
                  |                  |
                  |                  |
                  |       2026       |
                 *|     *  *  *      | *
        _________)/\\_//(\/(/\)/\//\/|_)_______

Aloha Brudee the Tourist...

You died in The Dungeons of Doom on dungeon level 7 with 90414 points,
and 36 pieces of gold, after 18138 moves.
You were level 12 with a maximum of 102 hit points when you died.

